 Dungeon Crawl Stone Soup version 0.13-a0-2355-g3ca5c6e (webtiles) character file.

98837 Grabo the Bludgeoner (level 15, -6/88 HPs)
             Began as a Demonspawn Abyssal Knight on July 12, 2013.
             Was the Champion of Lugonu.
             Killed from afar by a dragon (42 damage)
             ... with a blast of flame
             ... on Level 18 of the Dungeon.
             The game lasted 03:00:52 (44782 turns).

Grabo the Bludgeoner (Demonspawn Abyssal Knight)   Turns: 44782, Time: 03:00:52

HP  -6/88        AC 22     Str 17      XL: 15   Next: 74%
MP   0/28        EV  8     Int 13      God: Lugonu [******]
Gold 383         SH 38     Dex 19      Spells:  1 memorised, 13 levels left

Res.Fire  : x . .   See Invis. : .   a - +3,+6 orc whip (venom)
Res.Cold  : + + +   Warding    : .   J - +0 ice dragon armour
Life Prot.: . . .   Conserve   : +   o - +0 large shield
Res.Poison: .       Res.Corr.  : .   s - +0 dwarf helmet
Res.Elec. : .       Clarity    : .   m - +2 cloak
Sust.Abil.: . .     Spirit.Shd : +   q - +0 pair of gauntlets
Res.Mut.  : .       Stasis     : .   (boots unavailable)
Res.Rott. : .       Flight     : .   D - amulet of conservation
Saprovore : . . .                    W - ring "Alunt" {cTele Acc+4 Dam+4}
                                     g - ring of Due Proportion {rC+ Str+3}

@: somewhat resistant to hostile enchantments, extremely unstealthy
A: fangs 1, talons 3, carnivore 1, demonic guardian 1, -20% hp, sense
surroundings 1, screaming 1, magic shield, magic regeneration, AC +3, SH +4, Dex
+1
a: Depart the Abyss, Bend Space, Banish, Corrupt, Enter the Abyss, Renounce
Religion, Evoke Teleport Control


You were on level 18 of the Dungeon.
You worshipped Lugonu.
Lugonu was exalted by your worship.
You were full.

You visited 4 branches of the dungeon, and saw 31 of its levels.
You visited the Abyss 1 time.

You collected 2608 gold pieces.
You spent 2245 gold pieces at shops.

Inventory:

Hand weapons
 a - a +3,+6 orcish whip of venom (weapon)
 b - the +3,+6 sling "Guzutzatt" {velocity, rF+ MR++}
   (You bought it in a shop on level 4 of the Orcish Mines)

   Any stone fired from it inflicts extra damage.
   It protects you from fire.
   It affects your resistance to hostile enchantments.
Missiles
 c - 36 sling bullets
Armour
 m - a +2 cloak (worn)
 o - a +0 large shield (worn)
 q - a +0 pair of gauntlets (worn)
 s - a +0 dwarven helmet (worn)
 J - a +0 ice dragon armour (worn)
 Z - a +1 plate armour of fire resistance
Magical devices
 e - a wand of disintegration (12)
 r - a wand of paralysis (14)
 v - a wand of fire (5)
 y - a wand of draining (3)
 B - a wand of lightning (5)
 V - a wand of digging (15)
Comestibles
 j - a meat ration
 l - a snozzcumber
 p - a bread ration
 I - a rotting chunk of harpy flesh
 L - 3 chunks of cyclops flesh
Scrolls
 h - 3 scrolls of blinking
 k - 3 scrolls of fog
 u - a scroll of remove curse
 x - 3 scrolls of recharging
 z - 6 scrolls of teleportation
 C - a scroll of enchant weapon II
 H - 2 scrolls of identify
 K - 5 scrolls of fear
 T - a scroll of magic mapping
Jewellery
 d - an uncursed ring of ice
 g - the ring of Due Proportion (left hand) {rC+ Str+3}
   (You found it on level 7 of the Dungeon)

   [ring of strength]

   It affects your strength (+3).
   It protects you from cold.
 t - an uncursed ring of fire
 D - an amulet of conservation (around neck)
 F - an uncursed ring of protection from fire
 S - an uncursed ring of invisibility
 U - an uncursed ring of sustain abilities
 W - the ring "Alunt" (right hand) {cTele Acc+4 Dam+4}
   (You bought it in a shop on level 14 of the Dungeon)

   [ring of teleport control]

   It affects your accuracy (+4).
   It affects your damage-dealing abilities (+4).
Potions
 f - 8 potions of curing
 i - a potion of resistance
 w - 4 potions of speed
 A - 10 potions of heal wounds
 E - a potion of mutation
 G - a potion of restore abilities
Books
 n - a book of Battle

   Spells                             Type                      Level
   Infusion                           Charms                       1
   Shroud of Golubria                 Charms/Translocation         2
   Song of Slaying                    Charms                       2
   Spectral Weapon                    Hexes/Charms                 3
   Regeneration                       Charms/Necromancy            3
   Song of Shielding                  Charms                       4


   Skills:
 - Level 10.0 Fighting
 + Level 16.3 Maces & Flails
 - Level 10.0 Armour
 + Level 7.3 Dodging
 - Level 10.0 Shields
 - Level 7.0 Traps
 - Level 10.0 Invocations


You had 13 spell levels left.
You knew the following spells:

 Your Spells              Type           Power        Failure   Level  Hunger
a - Apportation           Tloc           #.........   100%        1    ##.....


Dungeon Overview and Level Annotations

Branches:
Dungeon (18/27)            Temple (1/1) D:7             Orc (4/4) D:11
    Elf (0/3) Orc:3          Lair (8/8) D:8          Shoals (0/5) Lair:6
  Snake (0/5) Lair:5        Slime (0/6) Lair:7
 Vaults: D:15-20

Altars:
Elyvilon
Fedhas
Makhleb
Okawaru
Sif Muna
Yredelemnul
Zin
the Shining One
Jiyva

Shops:
D:4: ( D:5: ? D:9: / D:10: ( D:14: * Orc:4: }((![

Annotations
Lair:8 3 exclusions
Abyss:1 Maud


Innate Abilities, Weirdness & Mutations

You have claws for feet.
You are mostly covered in large bone plates (AC +3, SH +4).
A weak demonic guardian rushes to your aid.
When hurt, damage is shared between your health and your magic reserves.
You regenerate magic rapidly.
You have very sharp teeth.
You are agile (Dex +1).
Your digestive system is specialised to digest meat.
You are very frail (-20% HP).
You passively map a small area around you.
You occasionally shout uncontrollably.


Message History

The ogre closely misses you.
You whack the ogre!
The ogre looks even sicker.
You claw the ogre.
You kill the ogre!
Lugonu accepts your kill. The dragon breathes fire at you.
The blast of flame hits you! The fire burns you terribly!
Ouch! That really hurt!
* * * LOW HITPOINT WARNING * * *
Drink which item? (? for menu, Esc to quit)
You feel much better. The ogre hits you but does no damage.
The ogre hits you with a great mace!
Your iron imp hits the ogre.
The ogre dies!
Lugonu accepts your collateral kill.
Your iron imp misses the dragon.
You feel yourself speed up.
The giant amoeba closely misses your iron imp.
The dragon breathes fire at you. The blast of flame hits you!
The fire burns you terribly!
You die...

#..O..# , *#J# * *
##)# #5.# #.## * ###
###J####### .....#
#.........# .....#
#....5....# , .....#
#....5D@<.# .....#
#.........# .>...#
#.........#* *
..)..#####.........#
,
.....##..(%........#
, *
.....((.##......>...
..(..#####.........##
###(## #.........#
#..# ###.#####


You could see a dragon, a giant amoeba, a friendly iron imp and a friendly
crimson imp.

Vanquished Creatures
  A stone giant (Orc:3)
  Fannar (Orc:2)
  An ice dragon (D:17)
  Josephine (Orc:2)
  4 hydras
  Nessos (Orc:3)
  Erica (Orc:3)
  A rakshasa (D:17)
  2 ogre magi
  The ghost of Illaniel the Slasher, an experienced HESk of Okawaru (D:10)
  6 centaur warriors
  4 unseen horrors
  Erolcha (Orc:1)
  3 skeletal warriors (D:15)
  A human (D:14)
  2 deep trolls (Orc:4)
  13 hill giants
  3 orc knights
  A giant amoeba (D:17)
  A wizard (D:16)
  Joseph (Orc:1)
  5 harpies (D:18)
  4 cyclopes
  11 elephants
  6 black mambas
  Maurice (Orc:3)
  12 spiny frogs
  A draconian (D:14)
  2 efreet
  A mermaid (Lair:6)
  2 fire drakes
  A harpy zombie (D:16)
  Grinder (D:4)
  7 trolls
  7 komodo dragons
  A polar bear (Lair:8)
  2 hydra zombies (D:14)
  12 blink frogs
  A trapdoor spider zombie (D:13)
  7 spriggans (Lair:8)
  A griffon zombie (D:15)
  2 boulder beetles
  19 slime creatures
  A trapdoor spider (D:13)
  A raven (D:11)
  5 basilisks
  A hydra skeleton (D:11)
  2 giant fireflies (Lair:8)
  A giant firefly (shapeshifter) (D:14)
  10 two-headed ogres
  8 grizzly bears (Lair:8)
  44 ugly things
  An ettin skeleton (D:15)
  45 yaks
  4 wyverns
  A vampire (D:12)
  An ice dragon skeleton (D:17)
  A shadow (D:16)
  2 griffon skeletons (D:17)
  A water elemental (D:12)
  A wraith (D:12)
  5 sharks
  An elephant slug (Lair:5)
  3 hungry ghosts
  Grum (Orc:2)
  4 vampire mosquitoes
  2 manticores
  A soldier ant (D:11)
  19 wolves
  6 hippogriffs
  Edmund (Orc:1)
  3 mottled dragons
  A necrophage (D:10)
  9 porcupines
  7 ice beasts
  4 sky beasts
  A yellow wasp (D:15)
  20 orc warriors
  2 phantoms
  7 black bears
  13 crocodiles
  A lava worm (Lair:3)
  23 ogres
  12 centaurs
  A boring beetle (Lair:3)
  7 water moccasins
  Sigmund (D:2)
  7 giant slugs
  A brain worm (D:12)
  10 giant frogs
  2 wargs
  2 big kobolds
  A gnoll sergeant (D:12)
  8 agate snails
  A cyclops skeleton (D:17)
  3 killer bees (D:13)
  A jellyfish (D:12)
  2 troll skeletons
  A lava snake (Lair:3)
  3 goliath beetles
  5 wights
  8 spiders (D:9)
  A big fish (D:12)
  A giant frog zombie (D:13)
  A giant frog skeleton (D:11)
  A centaur skeleton (D:4)
  A centaur zombie (D:9)
  13 crimson imps
  20 orc wizards
  A two-headed ogre zombie (Orc:2)
  8 hounds
  18 orc priests
  10 iguanas
  9 worker ants
  A deep elf soldier (D:14)
  7 scorpions
  25 sheep
  A sky beast zombie (D:5)
  An ogre skeleton (D:5)
  3 jellies
  9 gnolls
  26 adders
  33 green rats
  6 giant centipedes
  2 giant mites
  10 worms
  An inept feature mimic (D:6)
  An adder zombie (D:7)
  An iguana skeleton (D:9)
  7 giant geckos
  2 oozes
  172 orcs
  33 bats
  3 giant cockroaches
  21 hobgoblins
  29 jackals
  27 kobolds
  9 quokkas
  A ball python (D:4)
  A giant gecko skeleton (D:7)
  4 giant newts
  18 goblins
  A goblin skeleton (D:4)
  A hobgoblin simulacrum (Orc:2)
  A hobgoblin skeleton (D:6)
  7 illusory rakshasas (D:17)
  3 orc skeletons (Orc:2)
  An orc zombie (Orc:2)
  19 rats
  A ballistomycete (D:13)
1068 creatures vanquished.

Vanquished Creatures (collateral kills)
  An elephant (Lair:8)
  2 black mambas
  A spiny frog (Lair:8)
  A troll (Orc:3)
  2 komodo dragons
  2 blink frogs
  A spriggan (Lair:8)
  4 slime creatures
  A raven (D:11)
  A basilisk (shapeshifter) (D:17)
  2 yaks
  3 ugly things (D:17)
  3 wolves
  3 orc warriors
  2 centaurs
  3 ogres
  A water moccasin (Lair:6)
  An agate snail (Lair:5)
  3 giant frogs
  A big kobold (D:11)
  A crimson imp (D:6)
  An electric eel (D:12)
  4 orc priests
  A goliath beetle (D:8)
  An iguana (Lair:3)
  A warg zombie (Orc:2)
  A worker ant (D:9)
  3 adders
  A green rat (Lair:7)
  8 orcs
  A bat (D:6)
  A hobgoblin (D:5)
  A jackal (Lair:2)
  A quokka (D:8)
  2 goblins
66 creatures vanquished.

Vanquished Creatures (others)
  2 hydras
  An ogre mage (Orc:4)
  A thrashing horror (Orc:4)
  A very ugly thing (Orc:4)
  A large abomination (Orc:4)
  A hill giant (Orc:4)
  A cyclops (Orc:4)
  An apocalypse crab (Orc:4)
  An orange demon (Orc:4)
  2 two-headed ogres (Orc:4)
  3 trolls (Orc:4)
  A neqoxec (Orc:4)
  A porcupine (Lair:7)
  A small abomination (Orc:4)
  6 ogres (Orc:4)
  2 centaurs
  A crocodile (Lair:7)
  A fire bat (Orc:4)
  34 crimson imps
  6 starcursed masses (Orc:4)
  35 iron imps
  An orc priest (D:12)
  2 orc wizards
  2 green rats (Lair:7)
  50 lemures
  A shadow imp (Orc:4)
  35 white imps
  An adder (Lair:5)
  41 ufetubi
  4 orcs
  A giant spore (D:13)
  3 kobolds
  A quokka skeleton (D:6)
  A rat (Lair:1)
  5 fungi
  4 plants (Lair:7)
255 creatures vanquished.

Grand Total: 1389 creatures vanquished

Notes
Turn   | Place    | Note
--------------------------------------------------------------
     0 | Abyss:1  | Grabo, the Demonspawn Abyssal Knight, began the quest for the Orb.
     0 | Abyss:1  | Reached XP level 1. HP: 16/16 MP: 1/1
    41 | D:1      | Escaped the Abyss
    77 | D:1      | Acquired Lugonu's first power
   261 | D:1      | Gained mutation: You have sharp toenails. [demonic ancestry]
   261 | D:1      | Reached XP level 2. HP: 17/22 MP: 2/2
  1001 | D:2      | Gained mutation: When hurt, damage is shared between your health and your magic reserves. [demonic ancestry]
  1001 | D:2      | Reached XP level 3. HP: 6/28 MP: 4/4
  1410 | D:2      | Acquired Lugonu's second power
  1449 | D:2      | Reached skill level 4 in Invocations
  2005 | D:3      | Gained mutation: You are partially covered in large bone plates (AC +2, SH +2). [demonic ancestry]
  2005 | D:3      | Reached XP level 4. HP: 34/34 MP: 6/6
  2151 | D:3      | Reached skill level 5 in Invocations
  2196 | D:3      | Noticed Sigmund
  2583 | D:2      | Killed Sigmund
  2583 | D:2      | Reached XP level 5. HP: 9/39 MP: 1/9
  2980 | D:3      | Reached skill level 6 in Invocations
  3114 | D:3      | Gained mutation: A weak demonic guardian rushes to your aid. [demonic ancestry]
  3114 | D:3      | Reached XP level 6. HP: 40/46 MP: 12/12
  3509 | D:3      | Found an iron altar of Okawaru.
  3525 | D:3      | Acquired Lugonu's third power
  4290 | D:4      | Noticed Grinder
  4313 | D:4      | Killed Grinder
  4313 | D:4      | Reached skill level 5 in Maces & Flails
  4313 | D:4      | Reached skill level 7 in Invocations
  4313 | D:4      | Reached XP level 7. HP: 42/51 MP: 12/15
  4365 | D:4      | Found a basalt altar of Yredelemnul.
  4437 | D:4      | Acquired Lugonu's fourth power
  4548 | D:4      | Noticed a hungry ghost
  4581 | D:4      | Killed a hungry ghost
  4779 | D:4      | Found Tiuxehei's Weapon Emporium.
  5104 | D:5      | Entered Level 5 of the Dungeon
  5162 | D:5      | Reached skill level 8 in Invocations
  5216 | D:5      | Found Donkanast's Magic Scroll Shop.
  5225 | D:5      | Bought a scroll of recharging for 60 gold pieces
  5225 | D:5      | Bought a scroll of identify for 22 gold pieces
  5325 | D:5      | Reached XP level 8. HP: 45/58 MP: 13/18
  5398 | D:5      | Found a burning altar of Makhleb.
  5535 | D:5      | Reached skill level 9 in Invocations
  6022 | D:6      | Found a staircase to the Ecumenical Temple.
  6023 | D:6      | the staircase to the Ecumenical Temple was a mimic.
  6132 | D:6      | Found an iron altar of Okawaru.
  6461 | D:6      | Reached skill level 10 in Invocations
  6572 | D:7      | Found a staircase to the Ecumenical Temple.
  6937 | D:7      | Acquired Lugonu's fifth power
  7276 | D:7      | Got a vibrating silver ring
  7444 | D:7      | Reached XP level 9. HP: 39/63 MP: 13/21
  7531 | Temple   | Entered the Ecumenical Temple
  7583 | D:8      | Found a staircase to the Lair.
  7650 | Lair:1   | Entered Level 1 of the Lair of Beasts
  7888 | D:8      | Identified a -2 rod of the swarm (12/12) (You found it on level 8 of the Dungeon)
  8171 | D:8      | Found a deep blue altar of Sif Muna.
  8443 | D:9      | Found Qiliep's Magical Wand Shop.
  9009 | D:9      | Reached skill level 10 in Maces & Flails
  9752 | D:10     | Entered Level 10 of the Dungeon
 10697 | D:9      | Reached skill level 11 in Maces & Flails
 11611 | D:9      | Identified the ring of Due Proportion {rC+ Str+3} (You found it on level 7 of the Dungeon)
 11680 | D:9      | Reached XP level 10. HP: 63/69 MP: 19/22
 11974 | D:10     | Found Estrie Strekof's Weapon Shoppe.
 12192 | D:10     | Noticed a centaur warrior
 12210 | D:10     | Killed a centaur warrior
 12210 | D:10     | Reached skill level 12 in Maces & Flails
 12577 | D:10     | Noticed Illaniel's ghost (experienced HESk)
 13199 | Lair:1   | Noticed a black mamba
 13220 | Lair:1   | Killed a black mamba
 13251 | Lair:1   | Reached skill level 13 in Maces & Flails
 13425 | Lair:1   | Reached skill level 1 in Shields
 14076 | Lair:2   | Noticed a black mamba
 14114 | Lair:2   | Reached XP level 11. HP: 49/77 MP: 16/24
 14197 | Lair:2   | Killed a black mamba
 14616 | Lair:2   | Reached skill level 5 in Fighting
 15988 | Lair:2   | Noticed a black mamba
 16006 | Lair:2   | Killed a black mamba
 16592 | Lair:3   | Noticed Maud
 16873 | Lair:3   | Banished Maud
 16873 | Lair:3   | Reached skill level 5 in Shields
 18494 | Lair:3   | Found a glowing golden altar of the Shining One.
 19977 | Lair:5   | Found a staircase to the Snake Pit.
 20482 | Lair:5   | Got a slimy ring mail
 20545 | Lair:5   | Gained mutation: You regenerate magic rapidly. [demonic ancestry]
 20545 | Lair:5   | Reached XP level 12. HP: 83/89 MP: 25/25
 20612 | Lair:5   | Noticed a five-headed hydra
 20636 | Lair:5   | Killed a five-headed hydra
 21053 | Lair:5   | Noticed a six-headed hydra
 21071 | Lair:5   | Killed a six-headed hydra
 21650 | Lair:5   | Noticed a five-headed hydra
 21663 | Lair:5   | Banished a five-headed hydra
 22150 | Lair:6   | Found a staircase to the Shoals.
 22543 | D:5      | Bought a scroll of identify for 22 gold pieces
 22543 | D:5      | Bought a scroll of identify for 22 gold pieces
 22543 | D:5      | Bought a scroll of enchant weapon II for 60 gold pieces
 22544 | D:5      | Identified the +0 ring mail of Daisies {rC+ Stlth++} (You found it on level 5 of the Lair of Beasts)
 22664 | Lair:1   | Learned a level 1 spell: Apportation
 22960 | Lair:6   | Noticed a five-headed hydra
 22976 | Lair:6   | Killed a five-headed hydra
 22976 | Lair:6   | Reached skill level 10 in Fighting
 23338 | Lair:7   | Reached skill level 1 in Traps
 23510 | Lair:7   | Noticed a seven-headed hydra
 23520 | Lair:7   | Banished a seven-headed hydra
 23981 | Lair:7   | Reached skill level 5 in Armour
 24033 | Lair:7   | Found a staircase to the Slime Pits.
 24033 | Lair:7   | Found a viscous altar of Jiyva.
 24826 | Lair:7   | Noticed an eight-headed hydra
 24827 | Lair:7   | Banished an eight-headed hydra
 24947 | Lair:6   | Gained mutation: You are mostly covered in large bone plates (AC +3, SH +4). [demonic ancestry]
 24947 | Lair:6   | Reached XP level 13. HP: 55/98 MP: 22/26
 25586 | Lair:8   | Entered Level 8 of the Lair of Beasts
 25586 | Lair:8   | Found an iron altar of Okawaru.
 25751 | Lair:8   | Reached skill level 5 in Traps
 29566 | D:10     | Gained mutation: Your muscles are flexible, but weak (Str -1, Dex +1). [mutagenic meat]
 29567 | D:10     | Lost mutation: Your muscles are flexible, but weak (Str -1, Dex +1). [mutagenic meat]
 30035 | D:10     | Killed Illaniel's ghost
 30035 | D:10     | Reached skill level 10 in Armour
 30301 | D:11     | Found a staircase to the Orcish Mines.
 31411 | D:11     | Gained mutation: You have razor-sharp toenails. [demonic ancestry]
 31411 | D:11     | Reached XP level 14. HP: 99/105 MP: 25/27
 32352 | D:12     | Found a blossoming altar of Fedhas.
 32520 | Orc:1    | Entered Level 1 of the Orcish Mines
 32989 | Orc:1    | Noticed Joseph
 33029 | Orc:1    | Killed Joseph
 33115 | Orc:1    | Noticed Erolcha
 33133 | Orc:1    | Killed Erolcha
 33133 | Orc:1    | Reached skill level 14 in Maces & Flails
 33665 | Orc:1    | Noticed Edmund
 33724 | Orc:1    | Killed Edmund
 33827 | Orc:2    | Noticed Josephine
 33831 | Orc:2    | Noticed Fannar
 33841 | Orc:2    | Killed Josephine
 33877 | Orc:2    | Killed Fannar
 34024 | Orc:2    | Noticed Grum
 34052 | Orc:2    | Killed Grum
 34566 | Orc:3    | Noticed Maurice
 34576 | Orc:3    | Killed Maurice
 34599 | Orc:3    | Noticed Nessos
 34667 | Orc:3    | Found a staircase to the Elven Halls.
 34669 | Orc:3    | Killed Nessos
 34768 | Orc:3    | Noticed Erica
 34784 | Orc:3    | Killed Erica
 35085 | Orc:1    | Found an iron altar of Okawaru.
 35307 | Orc:2    | Found a white marble altar of Elyvilon.
 35379 | Orc:4    | Entered Level 4 of the Orcish Mines
 35379 | Orc:4    | Found Katiazie's Distillery.
 35389 | Orc:4    | Corrupted Orc:4
 36117 | Orc:4    | Found Xopnaikh's Armour Shop.
 36126 | Orc:4    | Found a glowing silver altar of Zin.
 36128 | Orc:4    | Bought a +2 cloak for 162 gold pieces
 36129 | Orc:4    | Bought a +0 dwarven helmet for 42 gold pieces
 36249 | Orc:3    | Reached skill level 15 in Maces & Flails
 36543 | Orc:4    | Found Joxkun's Antique Weapon Shoppe.
 36547 | Orc:4    | Found Chieplous' Gadget Boutique.
 36548 | Orc:4    | Bought a potion of heal wounds for 42 gold pieces
 36583 | Orc:4    | Bought a steaming sling for 136 gold pieces
 36586 | Orc:4    | Found Umuaph's Antique Weapon Shoppe.
 36612 | Orc:4    | Bought a potion of agility for 35 gold pieces
 36612 | Orc:4    | Bought a potion of heal wounds for 42 gold pieces
 36612 | Orc:4    | Bought a potion of curing for 28 gold pieces
 36612 | Orc:4    | Bought a potion of invisibility for 77 gold pieces
 36612 | Orc:4    | Bought a potion of heal wounds for 42 gold pieces
 37618 | D:13     | Identified the +3,+6 sling "Guzutzatt" {velocity, rF+ MR++} (You bought it in a shop on level 4 of the Orcish Mines)
 37873 | D:14     | Entered Level 14 of the Dungeon
 38480 | D:13     | Gained mutation: You have a fast metabolism. [mutagenic meat]
 38482 | D:13     | Gained mutation: You passively map a small area around you. [mutagenic meat]
 38483 | D:13     | Gained mutation: Your digestive system is specialised to digest meat. [mutagenic meat]
 38484 | D:13     | Gained mutation: Your spells are a little harder to cast, but a little more powerful. [mutagenic meat]
 38485 | D:13     | Gained mutation: You are dopey (Int -1). [mutagenic meat]
 39067 | D:14     | Reached skill level 16 in Maces & Flails
 39436 | D:14     | Gained mutation: You have very sharp teeth. [mutagenic meat]
 39437 | D:14     | Gained mutation: You are weak (Str -1). [mutagenic meat]
 39438 | D:14     | Gained mutation: You are agile (Dex +1). [mutagenic meat]
 39439 | D:14     | Gained mutation: You have claws for feet. [mutagenic meat]
 39440 | D:14     | Lost mutation: You are weak (Str -1). [mutagenic meat]
 39469 | D:14     | Found Brieplol's Hardware Store.
 39500 | D:14     | Bought an uncursed ring of invisibility for 420 gold pieces
 39500 | D:14     | Bought the ring "Alunt" {cTele Acc+4 Dam+4} for 1033 gold pieces
 39838 | D:15     | Entered Level 15 of the Dungeon
 40323 | D:14     | Reached skill level 1 in Dodging
 40534 | D:15     | Reached XP level 15. HP: 48/111 MP: 24/28
 40694 | D:15     | Gained mutation: You are frail (-10% HP). [mutagenic meat]
 40695 | D:15     | Lost mutation: Your spells are a little harder to cast, but a little more powerful. [mutagenic meat]
 40697 | D:15     | Gained mutation: You are very frail (-20% HP). [mutagenic meat]
 40698 | D:15     | Lost mutation: You are dopey (Int -1). [mutagenic meat]
 40699 | D:15     | Gained mutation: You occasionally shout uncontrollably. [mutagenic meat]
 40701 | D:15     | Lost mutation: You have a fast metabolism. [mutagenic meat]
 40933 | D:15     | Gained mutation: You can breathe flames. [mutagenic meat]
 41397 | D:15     | Gained mutation: You are dopey (Int -1). [mutagenic meat]
 41398 | D:15     | Lost mutation: You are dopey (Int -1). [mutagenic meat]
 41401 | D:15     | Lost mutation: You can breathe flames. [mutagenic meat]
 42386 | D:16     | Reached skill level 5 in Dodging
 43142 | D:17     | Reached skill level 10 in Shields
 44782 | D:18     | Killed from afar by a dragon

Action                   |  1- 3 |  4- 6 |  7- 9 | 10-12 | 13-15 || total
-------------------------+-------+-------+-------+-------+-------++-------
Melee: Mace              |    99 |   196 |   637 |       |       ||   932
       Whip              |       |       |    55 |  1616 |  3388 ||  5059
       Flail             |       |       |    20 |       |       ||    20
       Unarmed           |       |       |     1 |       |       ||     1
 Fire: Sling             |       |       |    94 |    19 |    55 ||   168
Throw: Dart              |     5 |     9 |     1 |       |       ||    15
Invok: Depart the Abyss  |     1 |       |       |       |       ||     1
       Banish            |       |       |       |     9 |     2 ||    11
       Corrupt           |       |       |       |       |     1 ||     1
 Abil: Breathe Fire      |       |       |       |       |     4 ||     4
Evoke: Wand              |       |       |     2 |    16 |    33 ||    51
       Rod               |       |       |     1 |       |       ||     1
  Use: Scroll            |       |     8 |    10 |    10 |    12 ||    40
       Potion            |       |     1 |     3 |     2 |     6 ||    12
 Stab: Distracted        |       |       |     3 |    13 |    18 ||    34
       Sleeping          |       |       |       |     3 |     8 ||    11
       Confused          |       |       |       |     1 |       ||     1
       Fleeing           |       |       |       |       |     1 ||     1
       Paralysed         |       |       |       |       |     2 ||     2
